[Event "HUN-ch Rapid 2019"]
[Site "Ajka"]
[Date "2019.07.19"]
[Round "3.15"]
[White "Acs, Marton"]
[Black "Egresi, Mate"]
[Result "0-1"]
[ECO "A06"]
[WhiteElo "2136"]
[BlackElo "2341"]
[Annotator "NA"]
[PlyCount "152"]
[EventDate "2019.07.18"]
[EventType "swiss"]
[EventCountry "HUN"]
[SourceTitle "playchess.com"]
[Source "ChessBase"]
[SourceQuality "1"]
[TimeControl "1200+5"]

1. Nf3 d5 2. g3 Nf6 3. Bg2 Bf5 4. O-O c6 5. d3 e6 6. c4 Be7 7. cxd5 exd5 8. Nc3 O-O 9. Nd4 Bg6 10. e4 dxe4 11. dxe4 Nbd7 12. Be3 Ne5 13. f3 Nc4 14. Bf2 c5 15. Nf5 Bxf5 16. exf5 Nxb2 17. Qxd8 Rfxd8 18. Rab1 Rd2 19. Be1 Rc2 20. Rf2 Rxf2 21. Bxf2 Nd3 22. Rxb7 Bf8 23. Be3 Re8 24. Bd2 c4 25. Kf1 Bc5 26. Na4 Bf2 27. f4 h5 28. Bf3 Be1 29. Bxe1 Rxe1+ 30. Kg2 Ng4 31. Rxa7 Rc1 32. Bxg4 hxg4 33. Rc7 Rc2+ 34. Kg1 Ne1 35. Rc8+ Kh7 36. Kf1 Nf3 37. Nb6 Nxh2+ 38. Ke1 Nf3+ 39. Kd1 Rd2+ 40. Kc1 Rxa2 41. Nxc4 Rg2 42. Rc7 Rg1+ 43. Kb2 Rxg3 44. Rxf7 Kh6 45. Rd7 Rg1 46. Ne3 g3 47. Rd6+ Kh7 48. Rg6 Re1 49. Nc2 Re2 50. Rxg3 Nd4 51. Rh3+ Kg8 52. Rc3 Kf7 53. Kc1 Nxf5 54. Kd1 Rf2 55. Ke1 Rxf4 56. Ke2 g5 57. Rf3 Re4+ 58. Kf2 Kg6 59. Ra3 g4 60. Ne1 Kg5 61. Ng2 Rb4 62. Ra5 Rb2+ 63. Kg1 Kf6 64. Ra6+ Kg5 65. Ra5 Kf6 66. Ra6+ Ke5 67. Ra5+ Ke4 68. Ra4+ Nd4 69. Kh2 Kf3 70. Rxd4 Rxg2+ 71. Kh1 Re2 72. Rd1 Kf2 73. Rg1 Re8 74. Rg2+ Kf3 75. Ra2 Re1+ 76. Kh2 g3+ 0-1

[Event "HUN-ch Rapid 2019"]
[Site "Ajka"]
[Date "2019.07.19"]
[Round "3.16"]
[White "Farago, Sandor"]
[Black "Borhy, Marcell"]
[Result "0-1"]
[ECO "A21"]
[WhiteElo "2210"]
[BlackElo "2382"]
[Annotator "NA"]
[PlyCount "86"]
[EventDate "2019.07.18"]
[EventType "swiss"]
[EventCountry "HUN"]
[SourceTitle "playchess.com"]
[Source "ChessBase"]
[SourceQuality "1"]
[TimeControl "1200+5"]

1. c4 e5 2. Nc3 d6 3. g3 Nf6 4. Bg2 Be7 5. Nf3 c6 6. d3 O-O 7. O-O h6 8. h3 Be6 9. Rb1 Nbd7 10. b4 d5 11. cxd5 cxd5 12. Bd2 Rc8 13. a3 Qc7 14. d4 e4 15. Ne1 Nb6 16. Rc1 Nc4 17. Bf4 Qd7 18. g4 Nxa3 19. Qb3 Nb5 20. Nxb5 Rxc1 21. Bxc1 Qxb5 22. Nc2 Qxe2 23. b5 Bd7 24. Na3 Rc8 25. g5 hxg5 26. Bxg5 Qh5 27. Bxf6 Bxf6 28. Nc2 Be6 29. Re1 Qg5 30. Re3 Qf4 31. Qb2 Bh4 32. Re2 Qc7 33. Ne1 Qc3 34. Qxc3 Rxc3 35. Ra2 e3 36. Nf3 Bxf2+ 37. Kf1 Bf5 38. Ne5 Rc1+ 39. Ke2 Re1+ 40. Kf3 Be4+ 41. Kg4 Rg1 42. Kf4 Rxg2 43. Ng4 Bg3+ {[%emt 0:00:03] Ra1} 0-1

[Event "HUN-ch Rapid 2019"]
[Site "Ajka"]
[Date "2019.07.19"]
[Round "3.17"]
[White "Kiss, Pal"]
[Black "Tamasi, Zoltan"]
[Result "1-0"]
[ECO "D26"]
[WhiteElo "2278"]
[BlackElo "1964"]
[Annotator "NA"]
[PlyCount "69"]
[EventDate "2019.07.18"]
[EventType "swiss"]
[EventCountry "HUN"]
[SourceTitle "playchess.com"]
[Source "ChessBase"]
[SourceQuality "1"]
[TimeControl "1200+5"]

1. d4 d5 2. c4 dxc4 3. Nf3 Nf6 4. e3 e6 5. Bxc4 a6 6. a4 c5 7. O-O Nc6 8. Qe2 Be7 9. Rd1 cxd4 10. exd4 O-O 11. Nc3 Nd5 12. Qe4 Ncb4 13. Ne5 b6 14. Nc6 Nxc3 15. Nxe7+ Qxe7 16. bxc3 Bb7 17. Qe2 Nd5 18. Bxd5 Bxd5 19. c4 Bb7 20. Ba3 Qg5 21. f4 Qxf4 22. Bxf8 Rxf8 23. d5 exd5 24. cxd5 Qd6 25. Rac1 h6 26. Qc4 Rc8 27. Qxc8+ Bxc8 28. Rxc8+ Kh7 29. Rc6 Qd7 30. d6 Qg4 31. Rcc1 Qd7 32. h3 a5 33. Rd4 Qe6 34. Kh1 Qf6 35. Rdd1 1-0

[Event "HUN-ch Rapid 2019"]
[Site "Ajka"]
[Date "2019.07.19"]
[Round "3.18"]
[White "Forgacs, Attila"]
[Black "Nagy, Bence"]
[Result "0-1"]
[ECO "B90"]
[WhiteElo "2137"]
[BlackElo "2352"]
[Annotator "NA"]
[PlyCount "76"]
[EventDate "2019.07.18"]
[EventType "swiss"]
[EventCountry "HUN"]
[SourceTitle "playchess.com"]
[Source "ChessBase"]
[SourceQuality "1"]
[TimeControl "1200+5"]

1. e4 c5 2. Nf3 d6 3. d4 cxd4 4. Nxd4 Nf6 5. Nc3 a6 6. Be3 e5 7. Nb3 Be6 8. f3 h5 9. Qd2 Nbd7 10. O-O-O Rc8 11. Kb1 Be7 12. Nd5 Nxd5 13. exd5 Bf5 14. Bd3 Bxd3 15. Qxd3 Bg5 16. g3 O-O 17. h4 Bxe3 18. Qxe3 a5 19. g4 a4 20. Nc1 Rc4 21. b3 Rc5 22. b4 Rc4 23. a3 Qc7 24. Ne2 Rxc2 25. Rc1 Rc8 26. gxh5 Nf6 27. Rhg1 Kf8 28. h6 gxh6 29. Qxh6+ Ke7 30. Qe3 Nxd5 31. Qd3 Nc3+ 32. Nxc3 Rxc3 33. Qd2 Rxc1+ 34. Rxc1 Qxc1+ 35. Qxc1 Rxc1+ 36. Kxc1 b5 37. Kd2 d5 38. Ke3 f5 0-1

[Event "HUN-ch Rapid 2019"]
[Site "Ajka"]
[Date "2019.07.19"]
[Round "3.19"]
[White "Bohus, Adam"]
[Black "Nemeth, Zoltan"]
[Result "0-1"]
[ECO "E17"]
[WhiteElo "2219"]
[BlackElo "2275"]
[Annotator "NA"]
[PlyCount "103"]
[EventDate "2019.07.18"]
[EventType "swiss"]
[EventCountry "HUN"]
[SourceTitle "playchess.com"]
[Source "ChessBase"]
[SourceQuality "1"]
[TimeControl "1200+5"]

1. d4 Nf6 2. c4 e6 3. Nf3 b6 4. g3 Bb7 5. Bg2 Be7 6. O-O O-O 7. Re1 Qc8 8. Nc3 Ne4 9. Qc2 f5 10. Bf1 a5 11. Nd2 Nxc3 12. bxc3 d5 13. cxd5 exd5 14. Bh3 Qe6 15. Nf3 Nd7 16. Bf4 Rac8 17. Rab1 h6 18. Ne5 Nxe5 19. Bxe5 Qg6 20. c4 dxc4 21. Qxc4+ Kh8 22. Bg2 Bxg2 23. Kxg2 Bd6 24. Qc6 Rcd8 25. Rec1 f4 26. Bxd6 Rxd6 27. Qxc7 fxg3 28. hxg3 Qe4+ 29. Kg1 Rdf6 30. Qe5 Qxe5 31. dxe5 Rxf2 32. Rc2 R2f5 33. e6 b5 34. Rc7 Re8 35. e7 Re5 36. Kf2 b4 37. a3 bxa3 38. Ra1 R8xe7 39. Rxe7 Rxe7 40. Rxa3 Re5 41. Kf3 g5 42. e4 Kg7 43. Ke3 Kf6 44. Kd4 Rb5 45. Rc3 Rb6 46. Kc5 Ra6 47. Kd5 a4 48. e5+ Ke7 49. Ra3 Ra5+ 50. Kd4 h5 51. g4 hxg4 52. Rg3 0-1

[Event "HUN-ch Rapid 2019"]
[Site "Ajka"]
[Date "2019.07.19"]
[Round "3.20"]
[White "Reviczki, Roland"]
[Black "Akots, Gabor"]
[Result "0-1"]
[ECO "C77"]
[WhiteElo "2017"]
[BlackElo "2238"]
[Annotator "NA"]
[PlyCount "66"]
[EventDate "2019.07.18"]
[EventType "swiss"]
[EventCountry "HUN"]
[SourceTitle "playchess.com"]
[Source "ChessBase"]
[SourceQuality "1"]
[TimeControl "1200+5"]

1. e4 e5 2. Nf3 Nc6 3. Bb5 a6 4. Ba4 Nf6 5. d3 d6 6. O-O g6 7. c3 Bg7 8. Re1 O-O 9. d4 b5 10. Bc2 Bg4 11. d5 Ne7 12. h3 Bd7 13. Bb3 h6 14. a4 Nh5 15. Nh2 Rb8 16. axb5 axb5 17. Ng4 Kh7 18. Nd2 Nc8 19. Nf1 Qh4 20. Bc2 f5 21. exf5 gxf5 22. Kh2 Nf6 23. Nxf6+ Qxf6 24. Ng3 Kh8 25. Nh5 Qf7 26. Nxg7 Qxg7 27. Qh5 Rf6 28. f4 Nb6 29. fxe5 dxe5 30. Rxe5 Rg8 31. Qf3 Rg6 32. Re2 Rg3 33. Qf4 Rxg2+ 0-1

[Event "HUN-ch Rapid 2019"]
[Site "Ajka"]
[Date "2019.07.19"]
[Round "4.2"]
[White "Mihok, Oliver"]
[Black "Balog, Imre"]
[Result "1/2-1/2"]
[ECO "C10"]
[WhiteElo "2550"]
[BlackElo "2566"]
[Annotator "ChessBase"]
[PlyCount "81"]
[EventDate "2019.07.18"]
[EventType "swiss"]
[EventCountry "HUN"]
[SourceTitle "playchess.com"]
[Source "ChessBase"]
[SourceQuality "1"]
[TimeControl "1200+5"]

1. e4 e6 2. d4 d5 3. Nc3 Nc6 4. Nf3 Nf6 5. Bd3 Bb4 6. O-O Bxc3 7. exd5 Bxd4 8. dxc6 Bc5 9. Ne5 O-O 10. Bg5 h6 11. Bh4 bxc6 12. Nxc6 Qd5 13. Bxf6 gxf6 14. Qg4+ Qg5 15. Qe4 f5 16. Ne7+ Qxe7 17. Qxa8 e5 18. Qc6 Be6 19. c3 Rb8 20. b4 Bd6 21. Bc4 Bd7 22. Qf3 Qg5 23. Qg3 e4 24. f4 exf3 25. Qxg5+ hxg5 26. Rxf3 Kg7 27. Rd1 f4 28. h3 Rb6 29. Bd5 g4 30. Rf2 gxh3 31. gxh3 Bxh3 32. Rh2 Bf5 33. Rg2+ Kf6 34. a3 Ra6 35. Ra2 Bg6 36. Bf3 Bf5 37. Kf2 Be6 38. Bd5 Bg4 39. Bf3 Be6 40. Bd5 Bg4 41. Bf3 1/2-1/2

[Event "HUN-ch Rapid 2019"]
[Site "Ajka"]
[Date "2019.07.19"]
[Round "4.4"]
[White "Csiszar, Csaba"]
[Black "Papp, Gabor"]
[Result "0-1"]
[ECO "A46"]
[WhiteElo "2432"]
[BlackElo "2587"]
[Annotator "ChessBase"]
[PlyCount "94"]
[EventDate "2019.07.18"]
[EventType "swiss"]
[EventCountry "HUN"]
[SourceTitle "playchess.com"]
[Source "ChessBase"]
[SourceQuality "1"]
[TimeControl "1200+5"]

1. d4 Nf6 2. Nf3 e6 3. e3 b6 4. Bd3 Bb7 5. O-O d5 6. b3 Bd6 7. Bb2 O-O 8. Nbd2 Nbd7 9. Ne5 c5 10. f4 Rc8 11. Qe2 Qe7 12. a3 Rc7 13. c3 Rfc8 14. b4 Ne4 15. Bxe4 dxe4 16. Nxd7 Qxd7 17. dxc5 bxc5 18. Rfd1 c4 19. a4 Bd5 20. b5 Qe7 21. Nb1 Qf6 22. Ba3 Bxa3 23. Rxa3 Rc5 24. Qb2 e5 25. fxe5 Qxe5 26. Rd4 Rb8 27. Nd2 Qg5 28. Nf1 a6 29. Qb4 Be6 30. Ra2 h5 31. Rf2 h4 32. Rd6 axb5 33. a5 Rf5 34. Rdd2 h3 35. Rxf5 Qxf5 36. Qd6 Ra8 37. a6 hxg2 38. Rxg2 Qd5 39. Qg3 g6 40. Ra2 b4 41. cxb4 c3 42. Ra5 Qd1 43. a7 c2 44. Qb8+ Kh7 45. Rc5 Bh3 46. Kf2 Qxf1+ 47. Kg3 Qf3+ 0-1

[Event "HUN-ch Rapid 2019"]
[Site "Ajka"]
[Date "2019.07.19"]
[Round "4.5"]
[White "Hera, Imre Jr."]
[Black "Marosi, Levente"]
[Result "0-1"]
[ECO "A10"]
[WhiteElo "2610"]
[BlackElo "2225"]
[Annotator "RC"]
[PlyCount "82"]
[EventDate "2019.07.18"]
[EventType "swiss"]
[EventCountry "HUN"]
[SourceTitle "playchess.com"]
[Source "ChessBase"]
[SourceQuality "1"]
[TimeControl "1200+5"]

1. c4 g6 2. Nc3 Bg7 3. g3 d6 4. Bg2 e5 5. e3 Nf6 6. Nge2 O-O 7. O-O c6 8. e4 Be6 9. d3 d5 10. exd5 cxd5 11. Bg5 dxc4 12. Bxb7 Nbd7 13. Bxa8 Qxa8 14. f3 Qb7 15. dxc4 Bxc4 16. Qc2 Rc8 17. Rf2 Bf8 18. Be3 Nd5 19. Nxd5 Bxd5 20. Nc3 Bxf3 21. Qb3 Qa8 22. Raf1 e4 23. Nxe4 Rb8 24. Qc4 Qxe4 25. Qxe4 Bxe4 26. Rxf7 Ne5 27. R7f4 Bd5 28. Bxa7 Ra8 29. Bb6 Bh6 30. Rf6 Nd7 31. Bd4 Nxf6 32. Rxf6 Bg7 33. Rf4 g5 34. Rg4 Ra4 35. Rxg5 Rxd4 36. Kf2 Bxa2 37. Ra5 Rd2+ 38. Ke3 Rxb2 39. Ra8+ Kf7 40. Ra7+ Kf6 41. Ra6+ Be6 0-1

[Event "HUN-ch Rapid 2019"]
[Site "Ajka"]
[Date "2019.07.19"]
[Round "4.6"]
[White "Ruck, Robert"]
[Black "Horvath, Tamas I"]
[Result "1-0"]
[ECO "A05"]
[WhiteElo "2524"]
[BlackElo "2318"]
[Annotator "ChessBase"]
[PlyCount "81"]
[EventDate "2019.07.18"]
[EventType "swiss"]
[EventCountry "HUN"]
[SourceTitle "playchess.com"]
[Source "ChessBase"]
[SourceQuality "1"]
[TimeControl "1200+5"]

1. Nf3 Nf6 2. c4 c5 3. Nc3 b6 4. e4 Bb7 5. e5 Ne4 6. Ne2 b5 7. cxb5 d5 8. exd6 exd6 9. Nc3 Be7 10. Be2 O-O 11. O-O a6 12. a4 Bf6 13. d4 Nd7 14. bxa6 Nxc3 15. bxc3 Bxa6 16. Bf4 Re8 17. Re1 Bxe2 18. Rxe2 Rxe2 19. Qxe2 Nb6 20. Qb5 Nd5 21. Bd2 Nc7 22. Qc4 Ra5 23. Qb3 Qc8 24. Bf4 cxd4 25. cxd4 Ne6 26. Bxd6 Bxd4 27. Rd1 Ba7 28. Bb4 Ra6 29. a5 h6 30. Be1 Nf4 31. g3 Ng6 32. Qd3 Kh7 33. Ne5 Re6 34. Nxg6 fxg6 35. Qd5 Rf6 36. Kg2 Qc2 37. Rd2 Qb1 38. Re2 Qb8 39. Re7 Bxf2 40. Bxf2 Qb2 41. Qd4 1-0

[Event "HUN-ch Rapid 2019"]
[Site "Ajka"]
[Date "2019.07.19"]
[Round "4.7"]
[White "Nagy, Bence"]
[Black "Czebe, Attila"]
[Result "0-1"]
[ECO "C41"]
[WhiteElo "2352"]
[BlackElo "2436"]
[Annotator "NA"]
[PlyCount "74"]
[EventDate "2019.07.18"]
[EventType "swiss"]
[EventCountry "HUN"]
[SourceTitle "playchess.com"]
[Source "ChessBase"]
[SourceQuality "1"]
[TimeControl "1200+5"]

1. e4 d6 2. d4 Nf6 3. Nc3 e5 4. Nf3 Nbd7 5. Bc4 Be7 6. a4 exd4 7. Nxd4 Nb6 8. Ba2 a5 9. O-O O-O 10. Nf5 Bxf5 11. exf5 d5 12. Re1 c6 13. Be3 Nbd7 14. Qf3 Bc5 15. Bg5 Qb6 16. Bb3 Rfe8 17. Bh4 Qb4 18. Bg5 Qg4 19. Qxg4 Nxg4 20. Bh4 Nh6 21. Ne2 Nxf5 22. Bg3 Nf6 23. Nf4 Nd4 24. Nd3 Bb6 25. Be5 Nxb3 26. cxb3 Nd7 27. Bc3 f6 28. b4 axb4 29. Bxb4 Ne5 30. Nc5 Bxc5 31. Bxc5 Nd3 32. Rxe8+ Rxe8 33. b4 Nxc5 34. bxc5 Re4 35. g3 Rc4 36. Rb1 Rxa4 37. Rxb7 Ra5 0-1

[Event "HUN-ch Rapid 2019"]
[Site "Ajka"]
[Date "2019.07.19"]
[Round "4.8"]
[White "Vertetics, Attila"]
[Black "Kiss, Pal"]
[Result "1-0"]
[ECO "D10"]
[WhiteElo "2438"]
[BlackElo "2278"]
[Annotator "NA"]
[PlyCount "111"]
[EventDate "2019.07.18"]
[EventType "swiss"]
[EventCountry "HUN"]
[SourceTitle "playchess.com"]
[Source "ChessBase"]
[SourceQuality "1"]
[TimeControl "1200+5"]

1. d4 d5 2. c4 c6 3. cxd5 cxd5 4. Bg5 Nc6 5. e3 Nf6 6. Bxf6 gxf6 7. Nc3 e6 8. Bd3 Bd6 9. Nge2 f5 10. Rc1 Bd7 11. g3 Rc8 12. Kf1 Na5 13. Nb5 Bb8 14. b3 a6 15. Nbc3 Bd6 16. Kg2 Nc6 17. Qd2 Ba3 18. Rcd1 Ne7 19. h4 Bb4 20. Qb2 Qa5 21. Nb1 Bb5 22. Nf4 Bd6 23. Bxb5+ Qxb5 24. Nd3 Qd7 25. Nc3 b5 26. Ne2 O-O 27. Nef4 Ng6 28. Nh5 f6 29. Rc1 Kf7 30. Qd2 Rxc1 31. Rxc1 Rc8 32. Kf1 Rc6 33. Ke2 Qc8 34. Nc5 Rc7 35. b4 Rc6 36. Qd3 Qf8 37. Qd1 Qc8 38. Qb3 Qf8 39. Kf1 Qh6 40. Qd1 Qf8 41. a4 Qb8 42. Ra1 Rc8 43. Nxa6 Qb6 44. Nc5 bxa4 45. Rxa4 Qb5+ 46. Kg2 Rc7 47. Qf1 Qxf1+ 48. Kxf1 Ne7 49. Ra6 Nc8 50. Ke2 Ra7 51. Rc6 Ra8 52. Nf4 Ra2+ 53. Kf3 e5 54. Nxd5 e4+ 55. Kg2 Rc2 56. Rxc8 1-0

[Event "HUN-ch Rapid 2019"]
[Site "Ajka"]
[Date "2019.07.19"]
[Round "4.9"]
[White "Nemeth, Zoltan"]
[Black "Aczel, Gergely"]
[Result "1/2-1/2"]
[ECO "A06"]
[WhiteElo "2275"]
[BlackElo "2540"]
[Annotator "ChessBase"]
[PlyCount "90"]
[EventDate "2019.07.18"]
[EventType "swiss"]
[EventCountry "HUN"]
[SourceTitle "playchess.com"]
[Source "ChessBase"]
[SourceQuality "1"]
[TimeControl "1200+5"]

1. Nf3 d5 2. g3 c6 3. Bg2 Bg4 4. d4 e6 5. Nbd2 Nf6 6. O-O Be7 7. Re1 O-O 8. c3 Nbd7 9. e4 Bh5 10. Qb3 Rb8 11. h3 h6 12. Ne5 Nxe5 13. dxe5 Nd7 14. exd5 cxd5 15. g4 Bg6 16. Nf3 Nc5 17. Qd1 Nd3 18. Re3 Nxc1 19. Rxc1 b5 20. a3 a5 21. Qd2 Qc7 22. Ree1 Rfc8 23. Nd4 Bc5 24. b4 Be7 25. Bf1 Qd7 26. Nb3 axb4 27. axb4 Rc7 28. Nd4 Be4 29. Ra1 Bg5 30. f4 Bd8 31. Ra6 Qc8 32. Ra3 Rcb7 33. Kh2 f6 34. Ra6 fxe5 35. fxe5 Bg5 36. Qb2 Bf4+ 37. Kg1 Bxe5 38. Rd1 Rc7 39. Ne2 Rc6 40. Rxc6 Qxc6 41. Nd4 Bxd4+ 42. cxd4 Rf8 43. Rc1 Qd6 44. Qh2 Qxb4 45. Qe5 Qd2 1/2-1/2

[Event "HUN-ch Rapid 2019"]
[Site "Ajka"]
[Date "2019.07.19"]
[Round "4.10"]
[White "Akots, Gabor"]
[Black "Varga, Peter"]
[Result "1/2-1/2"]
[ECO "D12"]
[WhiteElo "2238"]
[BlackElo "2367"]
[Annotator "NA"]
[PlyCount "102"]
[EventDate "2019.07.18"]
[EventType "swiss"]
[EventCountry "HUN"]
[SourceTitle "playchess.com"]
[Source "ChessBase"]
[SourceQuality "1"]
[TimeControl "1200+5"]

1. d4 d5 2. Nf3 Nf6 3. c4 c6 4. e3 Bf5 5. Nc3 e6 6. Nh4 Be4 7. f3 Bg6 8. Qb3 Qc7 9. Bd2 Nbd7 10. Nxg6 hxg6 11. O-O-O dxc4 12. Bxc4 Nb6 13. g3 Nxc4 14. Qxc4 O-O-O 15. e4 Nd7 16. Be3 Nb6 17. Qb3 Kb8 18. Kb1 Bd6 19. d5 exd5 20. exd5 Rhe8 21. Bxb6 Qxb6 22. Qxb6 axb6 23. Ne4 Kc7 24. dxc6 bxc6 25. Nxd6 Rxd6 26. Rxd6 Kxd6 27. Rd1+ Kc7 28. Rd2 g5 29. Kc2 c5 30. Rf2 Kc6 31. f4 g4 32. f5 Re4 33. Kd3 Kd5 34. b3 Rd4+ 35. Kc3 Ke5 36. a4 f6 37. Rf1 Ke4 38. Rf4+ Ke3 39. Rf1 Ke2 40. Ra1 Kf2 41. a5 bxa5 42. Rxa5 Rd5 43. Kc4 Rxf5 44. b4 Kg2 45. Ra2+ Kg1 46. bxc5 Re5 47. c6 Re8 48. Kd5 f5 49. Kd6 g5 50. Kd7 Rh8 51. c7 f4 1/2-1/2

[Event "HUN-ch Rapid 2019"]
[Site "Ajka"]
[Date "2019.07.19"]
[Round "4.11"]
[White "Egresi, Mate"]
[Black "Bodi, Tibor"]
[Result "1-0"]
[ECO "D37"]
[WhiteElo "2341"]
[BlackElo "2244"]
[Annotator "NA"]
[PlyCount "67"]
[EventDate "2019.07.18"]
[EventType "swiss"]
[EventCountry "HUN"]
[SourceTitle "playchess.com"]
[Source "ChessBase"]
[SourceQuality "1"]
[TimeControl "1200+5"]

1. d4 Nf6 2. c4 e6 3. Nf3 d5 4. Nc3 Be7 5. Bf4 O-O 6. e3 a6 7. cxd5 Nxd5 8. Nxd5 exd5 9. Bd3 c6 10. O-O Nd7 11. Qc2 h6 12. Rab1 a5 13. h3 Re8 14. Rbd1 Nf8 15. Ne5 f6 16. Ng6 Bd6 17. Qe2 Nxg6 18. Bxd6 Qxd6 19. Bxg6 Rf8 20. Bb1 Bd7 21. Qh5 f5 22. a3 f4 23. e4 dxe4 24. Bxe4 Rae8 25. Rfe1 b6 26. Qf3 Re7 27. Qb3+ Ref7 28. Qxb6 f3 29. Qc5 Qb8 30. d5 fxg2 31. dxc6 Rxf2 32. cxd7 Qg3 33. Qd5+ Kh8 34. Bxg2 1-0

[Event "HUN-ch Rapid 2019"]
[Site "Ajka"]
[Date "2019.07.19"]
[Round "4.12"]
[White "Emodi, Barnabas"]
[Black "Juhasz, Barbara"]
[Result "1-0"]
[ECO "A48"]
[WhiteElo "2365"]
[BlackElo "2171"]
[Annotator "NA"]
[PlyCount "69"]
[EventDate "2019.07.18"]
[EventType "swiss"]
[EventCountry "HUN"]
[SourceTitle "playchess.com"]
[Source "ChessBase"]
[SourceQuality "1"]
[TimeControl "1200+5"]

1. d4 Nf6 2. Nf3 g6 3. Bg5 Bg7 4. e3 d6 5. Nbd2 O-O 6. Bc4 c5 7. c3 b6 8. Bxf6 Bxf6 9. Bd5 Ba6 10. Bxa8 d5 11. Qa4 Qd6 12. e4 cxd4 13. cxd4 dxe4 14. Bxe4 Rc8 15. Qa3 Qd7 16. Bd3 Qe6+ 17. Ne4 Bb7 18. O-O Bxe4 19. Rfe1 Nc6 20. Rxe4 Qd5 21. Qb3 Qd6 22. Rd1 Na5 23. Qb5 e6 24. g3 Kg7 25. Ne5 Rc7 26. Nc4 Nxc4 27. Bxc4 Qd8 28. Bb3 Rd7 29. Qe2 Rd6 30. h4 h5 31. Rf4 Qe7 32. Rd3 g5 33. hxg5 Bxg5 34. Re4 Rd8 35. d5 1-0

[Event "HUN-ch Rapid 2019"]
[Site "Ajka"]
[Date "2019.07.19"]
[Round "4.13"]
[White "Borhy, Marcell"]
[Black "Prohaszka, Peter"]
[Result "1/2-1/2"]
[ECO "A40"]
[WhiteElo "2382"]
[BlackElo "2598"]
[Annotator "ChessBase"]
[PlyCount "97"]
[EventDate "2019.07.18"]
[EventType "swiss"]
[EventCountry "HUN"]
[SourceTitle "playchess.com"]
[Source "ChessBase"]
[SourceQuality "1"]
[TimeControl "1200+5"]

1. d4 Nf6 2. c4 e6 3. g3 d5 4. Nf3 Bb4+ 5. Bd2 Bd6 6. Bg2 c6 7. Qc2 O-O 8. O-O Nbd7 9. Bg5 h6 10. Bxf6 Nxf6 11. Nbd2 b6 12. e4 Be7 13. e5 Nd7 14. cxd5 cxd5 15. Rfc1 Nb8 16. Bf1 Bd7 17. Qc7 Qxc7 18. Rxc7 Bd8 19. Rc2 Nc6 20. a3 a6 21. Rac1 Ne7 22. Bd3 f5 23. b4 Bc8 24. Nb1 Rb8 25. b5 a5 26. a4 Bd7 27. Nc3 g5 28. Ne2 Kg7 29. Ne1 Ng6 30. f3 h5 31. Ng2 Rh8 32. h3 Rf8 33. Rc3 Ne7 34. Bb1 Rc8 35. Rxc8 Nxc8 36. f4 h4 37. gxh4 gxf4 38. Nexf4 Ne7 39. Nh5+ Kf7 40. Nf6 Bc8 41. Kf2 Bb7 42. Nd7 Rh8 43. Nb8 Ng6 44. Nc6 Ke8 45. Nxd8 Kxd8 46. Kg3 Rg8 47. Kf3 Rh8 48. Kg3 Rg8 49. Kf3 1/2-1/2

[Event "HUN-ch Rapid 2019"]
[Site "Ajka"]
[Date "2019.07.19"]
[Round "4.14"]
[White "Medvegy, Zoltan"]
[Black "Seres, Bela"]
[Result "1-0"]
[ECO "A38"]
[WhiteElo "2539"]
[BlackElo "2161"]
[Annotator "ChessBase"]
[PlyCount "65"]
[EventDate "2019.07.18"]
[EventType "swiss"]
[EventCountry "HUN"]
[SourceTitle "playchess.com"]
[Source "ChessBase"]
[SourceQuality "1"]
[TimeControl "1200+5"]

1. c4 c5 2. g3 Nc6 3. Bg2 g6 4. Nc3 Bg7 5. Nf3 Nf6 6. d4 cxd4 7. Nxd4 O-O 8. O-O Ng4 9. e3 d6 10. b3 Nxd4 11. exd4 Nh6 12. Bxh6 Bxh6 13. Qe2 Bg7 14. Rfd1 Rb8 15. b4 Bd7 16. Rac1 Re8 17. c5 Bh6 18. Rc2 Bf5 19. Be4 Bxe4 20. Qxe4 e6 21. a4 a6 22. Qf3 Bg7 23. d5 e5 24. Ne4 dxc5 25. bxc5 f5 26. Nd6 Re7 27. Nc4 e4 28. Qb3 Kh8 29. d6 Rf7 30. Ne5 Bxe5 31. Qxf7 Bf6 32. c6 bxc6 33. Rxc6 1-0

[Event "HUN-ch Rapid 2019"]
[Site "Ajka"]
[Date "2019.07.19"]
[Round "4.15"]
[White "Horvath, Adam"]
[Black "Balint, Vilmos"]
[Result "1-0"]
[ECO "C03"]
[WhiteElo "2517"]
[BlackElo "2203"]
[Annotator "ChessBase"]
[PlyCount "67"]
[EventDate "2019.07.18"]
[EventType "swiss"]
[EventCountry "HUN"]
[SourceTitle "playchess.com"]
[Source "ChessBase"]
[SourceQuality "1"]
[TimeControl "1200+5"]

1. e4 e6 2. d4 d5 3. Nd2 a6 4. Ngf3 c5 5. exd5 exd5 6. Bd3 c4 7. Be2 Nf6 8. O-O Be7 9. Ne5 O-O 10. f4 Bf5 11. g4 Bc8 12. Bf3 Ne8 13. g5 f6 14. gxf6 gxf6 15. Ng4 Nc6 16. c3 Kh8 17. Kh1 Ng7 18. Rg1 Bf5 19. Nh6 Qd7 20. Nf1 Bg6 21. Ne3 Be4 22. Bxe4 dxe4 23. f5 b5 24. Qg4 Bd8 25. Nd5 Ra7 26. Nf4 Re8 27. Be3 Qe7 28. Ne6 Bb6 29. Rg3 Nd8 30. d5 Bxe3 31. Rxe3 Rd7 32. Rg1 Ndxe6 33. dxe6 Rd3 34. Nf7+ 1-0

[Event "HUN-ch Rapid 2019"]
[Site "Ajka"]
[Date "2019.07.19"]
[Round "4.16"]
[White "Laza, Szabolcs"]
[Black "Horvath, Peter"]
[Result "0-1"]
[ECO "D31"]
[WhiteElo "2185"]
[BlackElo "2418"]
[Annotator "NA"]
[PlyCount "58"]
[EventDate "2019.07.18"]
[EventType "swiss"]
[EventCountry "HUN"]
[SourceTitle "playchess.com"]
[Source "ChessBase"]
[SourceQuality "1"]
[TimeControl "1200+5"]

1. d4 d5 2. c4 e6 3. Nc3 Bb4 4. Qa4+ Nc6 5. Nf3 dxc4 6. e3 Bd7 7. Qc2 b5 8. Be2 Nf6 9. O-O a6 10. e4 Be7 11. e5 Nd5 12. Ne4 h6 13. Qd1 Qb8 14. a4 Na5 15. axb5 axb5 16. Be3 Nb3 17. Rxa8 Qxa8 18. Nfd2 Nxe3 19. fxe3 Nxd2 20. Nxd2 Bg5 21. Rf3 Bc6 22. Rg3 g6 23. Bf1 Qa2 24. Qc2 Qa1 25. Ne4 Qe1 26. Nxg5 hxg5 27. Qf2 Qxf2+ 28. Kxf2 Ke7 29. Ke1 Rxh2 0-1

[Event "HUN-ch Rapid 2019"]
[Site "Ajka"]
[Date "2019.07.19"]
[Round "4.17"]
[White "Horvath, Csaba"]
[Black "Videki, Sandor"]
[Result "0-1"]
[ECO "B53"]
[WhiteElo "2503"]
[BlackElo "2401"]
[Annotator "ChessBase"]
[PlyCount "50"]
[EventDate "2019.07.18"]
[EventType "swiss"]
[EventCountry "HUN"]
[SourceTitle "playchess.com"]
[Source "ChessBase"]
[SourceQuality "1"]
[TimeControl "1200+5"]

1. e4 c5 2. Nf3 d6 3. d4 cxd4 4. Qxd4 Bd7 5. Bc4 Nc6 6. Qd3 Nf6 7. Nc3 Rc8 8. Bb3 g6 9. Bg5 Bg7 10. Qd2 O-O 11. Bh6 Na5 12. Bxg7 Kxg7 13. Qd4 Nxb3 14. axb3 a6 15. O-O Bc6 16. Rad1 Qc7 17. Nd2 b5 18. Rfe1 Rfd8 19. Nf1 e5 20. Qe3 b4 21. Na2 Bxe4 22. Nxb4 Qb7 23. Ng3 Qxb4 24. c3 Qxb3 25. f3 Bc2 0-1

[Event "HUN-ch Rapid 2019"]
[Site "Ajka"]
[Date "2019.07.19"]
[Round "4.18"]
[White "Farago, Ivan"]
[Black "Kassay, Krisztian"]
[Result "1-0"]
[ECO "E15"]
[WhiteElo "2350"]
[BlackElo "2174"]
[Annotator "NA"]
[PlyCount "82"]
[EventDate "2019.07.18"]
[EventType "swiss"]
[EventCountry "HUN"]
[SourceTitle "playchess.com"]
[Source "ChessBase"]
[SourceQuality "1"]
[TimeControl "1200+5"]

1. d4 Nf6 2. c4 e6 3. Nf3 b6 4. g3 Ba6 5. Qa4 c6 6. Nc3 d5 7. cxd5 exd5 8. Bf4 Bd6 9. Bxd6 Qxd6 10. Bg2 O-O 11. O-O Bb7 12. Rfd1 Nbd7 13. b4 a5 14. b5 Ne4 15. Rac1 Nxc3 16. Rxc3 Qb4 17. Qxb4 axb4 18. Rc2 c5 19. dxc5 bxc5 20. Ne1 Nb6 21. Nd3 Na4 22. Nxc5 Nxc5 23. Rxc5 Rxa2 24. Rc7 b3 25. Rb1 Rc8 26. Rxc8+ Bxc8 27. Bxd5 Rxe2 28. Rxb3 Rd2 29. Be4 Rd4 30. Rd3 Rxd3 31. Bxd3 Bb7 32. Bf1 Kf8 33. Bg2 Bxg2 34. Kxg2 Ke7 35. Kf3 Kd6 36. Ke4 Kc5 37. Ke5 Kxb5 38. Kd6 Kc4 39. Ke7 f5 40. Kf7 g5 41. Kf6 Kd5 1-0